 Dungeon Crawl Stone Soup version 0.32-a0-163-g159c032296 (webtiles) character file.

Game seed: 627687756390343875

261 freelancePsychic the Caller (level 6, 0/37 HPs)
             Began as a Tengu Summoner on Feb 11, 2024.
             Succumbed to a scorpion's poison
             ... on level 4 of the Dungeon.
             The game lasted 00:07:58 (3509 turns).

freelancePsychic the Caller (Tengu Summoner)        Turns: 3509, Time: 00:07:58

Health: 0/37       AC:  2    Str:  6 (8)  XL:     6   Next: 18%
Magic:  11/12      EV: 27    Int: 14 (17) God:
Gold:   169        SH:  0    Dex: 12 (15) Spells: 1/11 levels left

rFire   . . .        (no weapon)
rCold   . . .        (no shield)
rNeg    . . .        a - +0 robe
rPois   .            (helmet restricted)
rElec   .            (no cloak)
rCorr   .            (no gloves)
SInv    .            (boots unavailable)
Will    .....        (no amulet)
Stlth   ++           (no ring)
HPRegen 0.26/turn    (no ring)
MPRegen 0.13/turn

%: acrobat
@: lethally poisoned (0 -> -1), acrobatic, inugami summoned
A: beak, talons 3, acrobatic
a: no special abilities


You were on level 4 of the Dungeon.
You visited 1 branch of the dungeon, and saw 5 of its levels.
You also visited: Sewer.

You collected 169 gold pieces.

Inventory:

Armour
 a - a +0 robe (worn)
Jewellery
 g - a ring of resist corrosion
Wands
 m - a wand of flame (14)
Scrolls
 e - a scroll of fear {unknown}
 j - a scroll of teleportation {unknown}
 k - a scroll of fog
 l - a scroll of enchant armour {unknown}
Potions
 b - a potion of magic
 c - a potion of cancellation
 f - a potion of might {unknown}
 h - a potion of degeneration
 i - a potion of lignification {unknown}


   Skills:
 + Level 3.1 Fighting
 - Level 2.1 Dodging
 - Level 2.0 Stealth
 + Level 3.3 Spellcasting
 + Level 6.2 Summonings
 + Level 1.7 Fire Magic


You had one spell level left.
You knew the following spells:

 Your Spells              Type           Power      Damage    Failure   Level
a - Summon Small Mammal   Summ           76%        N/A       1%          1
b - Call Imp              Summ           38%        N/A       2%          2
c - Call Canine Familiar  Summ           19%        N/A       4%          3
d - Summon Blazeheart Go  Fire/Summ      13%        N/A       36%         4

Your spell library contained the following spells:

 Spells                   Type           Power      Damage    Failure   Level
 Scorch                   Fire           14%        2d5       16%         2
 Inner Flame              Hex/Fire       4%         N/A       41%         3
 Summon Lightning Spire   Summ/Air       11%        N/A       50%         4
 Flame Wave               Conj/Fire      4%         2d5       82%         4
 Sticky Flame             Fire/Alch      4%         2d4       82%         4
 Summon Cactus Giant      Summ           9%         N/A       94%         6


Dungeon Overview and Level Annotations

Branches:
Dungeon (5/15)              Sewer (visited)
 Temple: D:4-7

Altars:
Yredelemnul

Annotations:
D:3 1 runed translucent door, Crazy Yiuf


Innate Abilities, Weirdness & Mutations

You have a beak for a mouth.
You have claws for feet.
You can magically evade attacks while moving or waiting.


Message History

Something stings your inugami but does no damage.
The kobold misses your inugami.
Your inugami hits the kobold. The kobold closely misses you.
You feel sick. The orc barely misses you.
The orc barely misses your cerulean imp.
The orc barely misses your inugami. Something stings your inugami.
The kobold hits your inugami but does no damage.
Your inugami is poisoned.
The kobold barely misses you.
Your cerulean imp hits the orc with a -3 spear.
Your inugami hits the kobold!
The kobold dies!
You feel sick. Something stings your inugami.
The orc hits you with a +0 war axe.
* * * LOW HITPOINT WARNING * * *
The orc misses your cerulean imp. The orc barely misses your inugami.
Something misses your inugami.
Your cerulean imp hits the orc but does no damage.
The kobold completely misses you.
Your inugami barely misses the orc.
* * * LOW HITPOINT WARNING * * *
You feel sick. The orc barely misses you.
The orc closely misses your cerulean imp.
The orc closely misses your inugami. Something barely misses your inugami.
Your cerulean imp hits the orc but does no damage.
The kobold misses you.
Your inugami closely misses the orc.
* * * LOW HITPOINT WARNING * * *
You feel sick. The orc closely misses you.
The orc closely misses your cerulean imp.
The orc completely misses your inugami.
Something stings your inugami but does no damage.
Your cerulean imp barely misses the orc.
The kobold closely misses you.
Your inugami hits the orc but does no damage.
* * * LOW HITPOINT WARNING * * *
You feel sick. The orc completely misses you.
The orc closely misses your inugami. The orc misses your cerulean imp.
Something misses your inugami.
Your cerulean imp hits the orc but does no damage.
The kobold misses you.
Your inugami hits the orc.
You die...

#### ############ #.<.##
...........# ##.....##
####'##'##+### #.......#
##..(..#.....# #.......#
##.....#.....#####5s.....#
.+##'##+##'##§§K@oh.....##
.#..#.....#..#§###§......#
.#..#'###+#..#.# #.......#
.#..#.....#..#.# #........
.'..'.._..+..+.# #........
.#.†#.....#..### #........
.#..#+###+#..# .........
.#..# #..# #...... .+##+
+##+


You could see an orc (distracted, ally target), a kobold, a friendly cerulean
imp (summoned) and a friendly inugami (summoned, very poisoned).

Vanquished Creatures
  2 adders
  A dart slug (D:1)
  2 endoplasms
  2 giant cockroaches
  3 goblins
  A hobgoblin (D:3)
  A quokka (D:2)
  A ball python (D:1)
  4 bats
  A frilled lizard (D:3)
  A rat (D:3)
19 creatures vanquished.

Vanquished Creatures (collateral kills)
  2 scorpions
  A sleepcap (D:4)
  4 adders
  3 endoplasms
  3 giant cockroaches
  3 goblins
  3 hobgoblins
  4 jackals (D:1)
  4 quokkas
  5 ball pythons
  7 frilled lizards
  8 kobolds
  2 rats
49 creatures vanquished.

Grand Total: 68 creatures vanquished

Notes
Turn   | Place    | Note
-------+----------+-------------------------------------------
     0 | D:1      | freelancePsychic the Tengu Summoner began the quest for the
                  | Orb.
     0 | D:1      | Reached XP level 1. HP: 10/10 MP: 4/4
   214 | D:1      | Reached skill level 5 in Summonings
   306 | D:1      | Reached skill level 1 in Fighting
   306 | D:1      | Reached XP level 2. HP: 16/16 MP: 6/6
   309 | D:1      | Learned a level 2 spell: Call Imp
   700 | D:1      | Reached XP level 3. HP: 20/20 MP: 2/7
  1162 | D:2      | Noticed a scorpion
  1327 | D:2      | Killed a scorpion
  1328 | D:2      | Reached XP level 4. HP: 23/27 MP: 3/9
  1634 | D:2      | Learned a level 3 spell: Call Canine Familiar
  2500 | D:3      | Reached XP level 5. HP: 31/31 MP: 8/10
  2508 | D:3      | Found a glowing drain.
  2536 | Sewer    | Entered a sewer
  2682 | Sewer    | Noticed Pargi
  2864 | D:3      | Found a runed translucent door.
  2865 | D:3      | Noticed Crazy Yiuf
  2972 | D:3      | Found a faded altar of an unknown god.
  3130 | D:3      | You fall into a shaft and drop 2 floors!
  3130 | D:5      | Entered Level 5 of the Dungeon
  3180 | D:5      | Reached skill level 6 in Summonings
  3222 | D:5      | Noticed a centaur
  3249 | D:4      | Learned a level 4 spell: Summon Blazeheart Golem
  3295 | D:4      | Reached skill level 1 in Fire Magic
  3383 | D:4      | Reached XP level 6. HP: 37/37 MP: 6/12
  3425 | D:4      | Found a basalt altar of Yredelemnul.
  3492 | D:4      | Paralysed by a kobold for 5 turns
  3508 | D:4      | HP: 1/37 [poisoned by a scorpion]
  3509 | D:4      | Succumbed to a scorpion's poison

Illustrated notes

Levels and vault maps discovered:
D:1:      dpeg_arrival_windows_large_door, layout_loops_corners,
          minmay_statues_item
D:2:      layout_basic
D:3:      layout_basic, nicolae_ecumenical_lake_church, portal_sewer_entry_f,
          kennysheep_doodads, uniq_crazy_yiuf_cottage
D:4:      layout_rooms, mainiacjoe_overflow_24_doors
D:5:      layout_loops_ring, mainiacjoe_overflow_big_doors, temple_green

Skill      XL: |  1  2  3  4  5 |
---------------+----------------+-----
Summonings     | 5 6 |  6.2
Fighting       | 1 2 3 |  3.1
Spellcasting   | 3 |  3.3
Fire Magic     | 1 |  1.7
Dodging        | |  2.1
Stealth        | |  2.0

Action                     |  1- 3 |  4- 6 || total
---------------------------+-------+-------++-------
  Melee: Unarmed           |    35 |    41 ||    76
         Peck              |     9 |     7 ||    16
         Kick              |     3 |    14 ||    17
   Cast: Summon Small Mamm |    24 |    16 ||    40
         Call Imp          |    11 |    26 ||    37
         Call Canine Famil |       |     9 ||     9
    Use: Scroll            |       |     2 ||     2
         Potion            |       |     5 ||     5
   Stab: Sleeping          |     2 |     2 ||     4
 Armour: Robe              |    23 |    55 ||    78
  Dodge: Dodged            |    52 |    93 ||   145

Table legend: (Time is in decaauts)
 A = Elapsed time spent in this place.
 B = Non-inter-level travel time spent in this place.
 C = Inter-level travel time spent in this place.
 D = Time resting spent in this place.
 E = Time spent auto-exploring this place.
 F = Levels seen in this place.
 G = Mean time per level.
                   A        B        C        D        E       F      G
               +--------+--------+--------+--------+--------+-----+--------+
         Total |   3532 |   3459 |     73 |      0 |   2748 |   6 |  588.7 |
       Dungeon |   3265 |   3192 |     73 |      0 |   2624 |   5 |  653.0 |
         Sewer |    267 |    267 |      0 |      0 |    124 |   1 |  267.0 |
               +--------+--------+--------+--------+--------+-----+--------+

Top non-repeatable levels by time:
     D:2: 1244 daAuts
     D:1: 1185 daAuts
     D:3: 456 daAuts
     D:4: 273 daAuts
   Sewer: 267 daAuts
     D:5: 104 daAuts
